 Dungeon Crawl Stone Soup version 0.29-a0-214-g17f627cfee (webtiles) character file.

Game seed: 10191800162521017136

30 spaghetti the Sneak (level 3, 0/29 HPs)
             Began as a Demonspawn Delver on Feb 24, 2022.
             Succumbed to an adder's poison
             ... on level 4 of the Dungeon.
             The game lasted 00:00:41 (71 turns).

spaghetti the Sneak (Demonspawn Delver)               Turns: 71, Time: 00:00:41

Health: 0/29       AC:  3    Str: 14    XL:     3   Next: 3%
Magic:  3/3        EV: 11    Int: 11    God:
Gold:   0          SH:  0    Dex: 14    Spells: 2/2 levels left

rFire   . . .      SeeInvis .     - Unarmed
rCold   . . .      Faith    .   (no shield)
rNeg    . . .      Spirit   .   a - +0 leather armour
rPois   .          Reflect  .   (helmet restricted)
rElec   .          Harm     .   (no cloak)
rCorr   .          Rampage  .   (no gloves)
Will    .....                   (no boots)
Stlth   ++........              (no amulet)
HPRegen 0.09/turn               (no ring)
MPRegen 0.08/turn               (no ring)

@: lethally poisoned (0 -> -4), hasted, very quick
A: horns 2
a: no special abilities


You were on level 4 of the Dungeon.
You visited 1 branch of the dungeon, and saw 3 of its levels.


Innate Abilities, Weirdness & Mutations

You have a pair of horns on your head.


   Skills:
 + Level 3.0 Fighting
 - Level 1.7 Dodging
 - Level 4.5 Stealth
 - Level 3.2 Unarmed Combat


You had 2 spell levels left.
You didn't know any spells.
Your spell library was empty.

Inventory:

Armour
 a - a +0 leather armour (worn)
Wands
 f - a wand of digging (3)
Scrolls
 b - a scroll of fog
 c - a scroll of magic mapping {!r}

Dungeon Overview and Level Annotations

Branches:
Dungeon (6/15)
 Temple: D:4-7

Altars:
Cheibriados

#.≈._.≈ #
#.≈...≈ . #.
#.§≈≈≈
..##.#####....
........####+++#
...............#
................
.....[†@>.......
#...............
#...............
#.>.?...........
#...............
##.............#
##.....#.....##
#######<#####


There were no monsters in sight!


Message History

You are too injured to fight recklessly!
You hit the hound. The hound barely misses you.
You hit the hound. The hound barely misses you.
You barely miss the hound. The hound misses you.
You closely miss the hound. The hound closely misses you.
You hit the hound. The hound bites you. 😮 HP[-1]
You take 1 damage, and now have 11/18 hp.
You barely miss the hound. The hound bites you but does no damage.
You closely miss the hound. The hound bites you. 😮 HP[-1]
You take 1 damage, and now have 10/18 hp.
You hit the hound. The hound closely misses you.
You barely miss the hound. The hound bites you.
* * * LOW HITPOINT WARNING * * *
😨 HP[-3]
You take 3 damage, and now have 7/18 hp.
You closely miss the hound. The hound misses you.
You barely miss the hound. The hound barely misses you.
You closely miss the hound. The hound bites you.
* * * LOW HITPOINT WARNING * * *
😨 HP[-1]
You take 1 damage, and now have 6/18 hp.
You hit the hound. The hound closely misses you.
You hit the hound but do no damage.
The hound stops to sniff the ground.
The hound bites you.
* * * LOW HITPOINT WARNING * * *
😨 HP[-1]
You take 1 damage, and now have 5/18 hp.
You miss the hound. The hound barely misses you.
You hit the hound. You hit the hound.
You kill the hound!
Your Unarmed Combat skill gained 2 levels and is now at level 3!
You have reached level 2!
You feel monstrous as your demonic heritage exerts itself.
Your demonic ancestry asserts itself...
A pair of horns grows on your head!
You have reached level 3!
Your experience leads to an increase in your attributes!
Increase (S)trength, (I)ntelligence, or (D)exterity?
You feel stronger. x2; Your demonic ancestry asserts itself...
The horns on your head grow some more. 😨 HP[+4] MP[+2]
You now have 29 max hp (+11).
You regained 4 hp, and now have 9/29 hp.
Your mp is fully restored (3).
Unknown command.
Really walk into that teleport trap?
You enter a teleport trap!
The teleport trap disappears.
Your surroundings suddenly seem different.
An adder comes into view.
Found a stone staircase leading up.
The adder bites you.
* * * LOW HITPOINT WARNING * * *
You are poisoned.
The adder poisons you! 😱 HP[-3]
You take 3 damage, and now have 6/29 hp.
You closely miss the adder.
You feel sick. The adder bites you.
* * * LOW HITPOINT WARNING * * *
You are lethally poisoned!
The adder poisons you! 😱 HP[-1]
You take 1 damage, and now have 5/29 hp.
You aren't carrying any potions.
As you read the scroll of fear, it crumbles to dust.
You assume a fearsome visage.
The adder looks frightened!
* * * LOW HITPOINT WARNING * * *
You feel sick. 😱 HP[-1]
You take 1 damage, and now have 4/29 hp.
You aren't carrying any potions.
Okay, then.
A howler monkey skeleton comes into view.
* * * LOW HITPOINT WARNING * * *
You feel sick.
There is a stone staircase leading up here. 😱 HP[-1]
You take 1 damage, and now have 3/29 hp.
Okay, then.
* * * LOW HITPOINT WARNING * * *
You feel sick.
You climb upwards.
* * * LOW HITPOINT WARNING * * *
You feel sick.
Found a ring mail and a scroll labelled BEUSAO ARAWN.
Found a snail-covered altar of Cheibriados.
Found a stone staircase leading down and a stone staircase leading up.
There is a stone staircase leading down here. 😱 HP[-2]
You take 2 damage, and now have 1/29 hp.
Unknown command.
You aren't carrying any potions.
The helpless ball python fails to defend itself.
You hit the ball python.
You kill the ball python!
You die...

Skill      XL: |  1 |
---------------+----+-----
Unarmed Combat | 3 |  3.2
Fighting       | |  3.0
Dodging        | |  1.7
Stealth        | |  4.5

Action                   || total
-------------------------++-------
Melee: Unarmed           ||    28
  Use: Potion            ||     1
       Scroll            ||     1
 Stab: Sleeping          ||     1
Armor: Leather armour    ||     3
Dodge: Dodged            ||    17

Levels and vault maps discovered:
D:4:      kennysheep_big_flooded_room, layout_rooms,
          mainiacjoe_overflow_alcove_4, bh_walls_and_bars
D:5:      layout_loops_ring, uniq_edmund, uniq_sigmund, uniq_prince_ribbit1
D:6:      layout_basic, minmay_temple_entry_gardened_gates,
          kennysheep_pointless_box, kennysheep_cross_room,
          corexii_leaking_fountain, dk_noncrumbling_3, uniq_menkaure

Notes
Turn   | Place    | Note
-------+----------+-------------------------------------------
     0 | D:5      | spaghetti the Demonspawn Delver began the quest for the
                  | Orb.
     0 | D:5      | Reached XP level 1. HP: 18/18 MP: 1/1
     0 | D:5      | magus.rc [v1.9.6]
     6 | D:5      | Noticed a hound
     7 | D:5      | Noticed a necrophage
    22 | D:6      | Noticed a wyvern zombie
    22 | D:6      | Noticed a sky beast
    57 | D:5      | Killed a hound
    58 | D:5      | Reached skill level 3 in Unarmed Combat
    58 | D:5      | You feel monstrous as your demonic heritage exerts itself.
    58 | D:5      | Discovered your monstrous ancestry.
    58 | D:5      | Gained mutation: You have a pair of small horns on your
                  | head. [demonic ancestry]
    58 | D:5      | Reached XP level 2. HP: 7/24 MP: 2/2
    58 | D:5      | Gained mutation: You have a pair of horns on your head.
                  | [demonic ancestry]
    58 | D:5      | Reached XP level 3. HP: 9/29 MP: 3/3
    64 | D:5      | HP: 6/29 [adder (3)]
    68 | D:5      | HP: 2/29 [poisoned by an adder]
    69 | D:4      | Found a snail-covered altar of Cheibriados.
    71 | D:4      | Succumbed to an adder's poison

Vanquished Creatures
  A hound (D:5)
  A ball python (D:4)
2 creatures vanquished.

Table legend:
 A = Non-vault XP
 B = Vault XP
 C = Vault XP percentage of total XP
 D = Non-vault monster count
 E = Vault monster count
 F = Vault count percentage of total count
                 A         B        C        D         E       F
            +---------+---------+-------+---------+---------+-------
      Total |      44 |       0 |   0.0 |       2 |       0 |   0.0
            +---------+---------+-------+---------+---------+-------
        D:4 |       1 |       0 |   0.0 |       1 |       0 |   0.0
        D:5 |      43 |       0 |   0.0 |       1 |       0 |   0.0
            +---------+---------+-------+---------+---------+-------

Illustrated notes

Table legend:
 A = Kills in this place as a percentage of kills in entire the game.
 B = Kills by you in this place as a percentage of kills by you in the entire game.
 C = Kills by friends in this place as a percentage of kills by friends in the entire game.
 D = Other kills in this place as a percentage of other kills in the entire game.
 E = Experience gained in this place as a percentage of experience gained in the entire game.
 F = Experience gained in this place divided by the number of levels of this place that you have seen.
                   A       B       C       D       E      F
               +-------+-------+-------+-------+-------+----------------------
         Total | 100.0 | 100.0 |   N/A |   N/A | 100.0 |  14.7
       Dungeon | 100.0 | 100.0 |   N/A |   N/A | 100.0 |  14.7
               +-------+-------+-------+-------+-------+----------------------

Table legend: (Time is in decaauts)
 A = Elapsed time spent in this place.
 B = Non-inter-level travel time spent in this place.
 C = Inter-level travel time spent in this place.
 D = Time resting spent in this place.
 E = Time spent auto-exploring this place.
 F = Levels seen in this place.
 G = Mean time per level.
                   A        B        C        D        E       F      G
               +--------+--------+--------+--------+--------+-----+--------+
         Total |     57 |     57 |      0 |      0 |      9 |   3 |   19.0 |
       Dungeon |     57 |     57 |      0 |      0 |      9 |   3 |   19.0 |
               +--------+--------+--------+--------+--------+-----+--------+

Top non-repeatable levels by time:
     D:5: 44 daAuts
     D:6: 11 daAuts
     D:4: 1 daAuts
